Map: Curious Minds LE

Players

MaxPax - Winner!

  • Race: Protoss Protoss
  • League: Grandmaster

AGOElazer (Elazer)

  • Race: Zerg Zerg
  • League: Master

VOD

Have the link to the VOD?

Description

Time

  • Played on: Oct. 22, 2021, 7:33 a.m.
  • Length: 10:36
Show
View Real Time Build Order
Export as new Build Order

MaxPax Protoss - Winner!

Build Orders: 1 Gate Expand 

Get SALT Encoding   

  12  0:00  Probe  
  13  0:12  Probe  
  14  0:20  Pylon  
  14  0:24  Probe  
  15  0:38  Probe (Chrono Boost)  
  15  0:42  Gateway  
  16  0:49  Probe (Chrono Boost), Assimilator  
  17  0:54  Probe (Chrono Boost)  
  18  1:04  Probe  
  19  1:16  Probe  
  20  1:29  Cybernetics Core  
  20  1:37  Nexus  
  20  1:38  Probe  
  21  1:45  Pylon  
  21  1:49  Assimilator  
  21  1:52  Probe  
  22  2:02  Adept (Chrono Boost)  
  22  2:03  Warp Gate (Chrono Boost)  
  22  2:04  Probe  
  25  2:17  Probe  
  25  2:22  Adept (Chrono Boost)  
  26  2:29  Probe  
  29  2:30  Gateway  
  29  2:41  Probe  
  30  2:49  Stalker  
  30  2:50  Probe  
  33  2:58  Probe  
  33  3:02  Gateway  
  34  3:07  Probe  
  34  3:10  Probe  
  36  3:19  Probe  
  35  3:23  Probe  
  34  3:27  Twilight Council  
  34  3:31  Probe  
  35  3:35  Robotics Facility, Probe  
  35  3:37  Pylon  
  36  3:43  Adept x2, Probe  
  36  3:47  Probe  
  42  3:55  Probe  
  43  3:57  Adept  
  43  3:58  Resonating Glaives (Chrono Boost)  
  45  4:05  Adept x2  
  49  4:17  Gateway  
  50  4:18  Gateway  
  50  4:19  Gateway  
  50  4:20  Warp Prism (Chrono Boost)  
  51  4:36  Adept  
  51  4:37  Pylon  
  54  4:38  Probe  
  54  4:39  Pylon  
  54  4:55  Pylon  
  54  4:56  Probe  
  55  5:06  Adept x2  
  55  5:07  Adept  
  59  5:18  Adept x2  
  49  5:28  Probe x2  
  49  5:29  Adept x4  
  49  5:33  Pylon, Assimilator  
  59  5:47  Adept x2  
  59  5:49  Adept x2  
  61  5:50  Adept x2  
  61  5:51  Shield Battery  
  65  5:59  Pylon  
  65  6:01  Observer  
  66  6:07  Adept x2  
  66  6:10  Adept x4  
  78  6:15  Assimilator  
  78  6:30  Adept x4  
  78  6:31  Adept x2  
  76  6:33  Probe  
  76  6:39  Probe  
  76  6:54  Adept x6  
  72  7:06  Probe  
  71  7:12  Robotics Bay  
  71  7:17  Adept x2  
  71  7:18  Adept x3  
  81  7:24  Pylon  
  81  7:34  Nexus  
  81  7:50  Probe x2  
  83  7:56  Disruptor (Chrono Boost)  
  83  7:59  Shield Battery  
  83  8:00  Gravitic Drive  
  83  8:02  Probe x2  
  88  8:14  Probe x2  
  88  8:17  Observer  
  88  8:21  Blink (Chrono Boost)  
  88  8:23  Disruptor (Chrono Boost)  
  88  8:26  Probe  
  88  8:27  Probe, Pylon  
  93  8:29  Forge  
  93  8:34  Pylon  
  93  8:36  Observer  
  93  8:39  Probe x2  
  95  8:45  Stalker x3  
  95  8:46  Stalker  
  95  8:48  Stalker  
  105  8:52  Stalker  
  107  8:56  Probe  
  107  8:58  Probe  
  109  9:03  Photon Cannon  
  109  9:28  Adept x6  
  109  9:29  Probe x3  
  120  9:32  Assimilator  
  120  9:34  Assimilator  
  118  9:41  Probe  
  115  9:55  Stalker x3  
  115  9:56  Stalker x3  
  115  9:57  Probe x2  
  123  10:00  Probe  
  123  10:05  Gateway  
  116  10:07  Gateway  
  112  10:19  Stalker x2  
  112  10:20  Stalker x4  
  120  10:21  Probe  
Show
View Real Time Build Order
Export as new Build Order

AGOElazer Zerg 

Build Orders: Hatch First 

Get SALT Encoding   

  12  0:00  Drone  
  13  0:12  Overlord  
  13  0:17  Drone  
  14  0:30  Drone x2  
  16  0:49  Hatchery  
  15  0:51  Drone  
  15  0:54  Drone  
  17  0:58  Drone  
  18  1:09  Extractor  
  17  1:13  Spawning Pool  
  17  1:16  Drone  
  17  1:19  Drone  
  18  1:30  Drone  
  19  1:39  Drone  
  20  1:50  Overlord  
  20  2:00  Queen  
  20  2:01  Drone, Queen  
  24  2:02  Zergling x2  
  26  2:11  Zergling x2  
  26  2:12  Drone, Metabolic Boost  
  28  2:21  Drone  
  28  2:22  Drone  
  30  2:31  Drone  
  30  2:35  Drone  
  32  2:37  Queen  
  34  2:46  Zergling x2  
  34  2:51  Zergling x2  
  34  2:54  Zergling x2  
  35  3:00  Drone  
  35  3:05  Hatchery  
  35  3:08  Overlord  
  35  3:09  Drone  
  35  3:20  Drone  
  35  3:24  Drone  
  36  3:27  Drone x4  
  36  3:29  Queen  
  36  3:30  Queen  
  36  3:32  Overlord  
  44  3:44  Overlord  
  44  3:50  Drone x5  
  44  3:52  Drone x3  
  44  3:55  Spore Crawler  
  51  4:00  Drone  
  52  4:03  Drone, Roach Warren  
  52  4:09  Overlord  
  52  4:13  Zergling x2  
  52  4:16  Zergling x2  
  54  4:19  Zergling x8  
  58  4:24  Zergling x2  
  58  4:30  Evolution Chamber  
  57  4:32  Overlord  
  57  4:34  Zergling x2  
  57  4:35  Zergling x8  
  63  4:40  Overlord  
  63  4:45  Spore Crawler, Zergling x2  
  63  4:52  Zergling x14  
  70  4:59  Zergling x10  
  71  5:10  Zergling x6  
  69  5:17  Zergling x8  
  65  5:22  Zergling x10  
  65  5:23  Queen  
  65  5:26  Lair  
  68  5:28  Zergling x2  
  68  5:29  Zergling x6  
  68  5:31  Zergling x2  
  72  5:38  Zergling x4  
  72  5:40  Overlord  
  72  5:48  Roach x4  
  77  5:54  Roach x3  
  83  5:58  Drone x4  
  83  6:00  Drone  
  88  6:05  Overlord  
  88  6:07  Drone x2  
  88  6:11  Extractor  
  89  6:16  Overlord  
  89  6:20  Roach x4  
  91  6:26  Roach x2  
  84  6:33  Zergling x12  
  85  6:43  Roach  
  79  6:54  Zergling x8  
  79  7:03  Zergling x2  
  79  7:04  Zergling x2  
  79  7:14  Drone x4  
  83  7:19  Drone x2  
  83  7:22  Drone x2  
  87  7:28  Drone x3  
  89  7:31  Overseer  
  89  7:32  Drone x2  
  89  7:34  Drone x2  
  93  7:37  Drone  
  93  7:38  Drone  
  95  7:44  Overlord  
  95  7:50  Roach x3  
  100  7:54  Zergling x4  
  100  7:55  Zergling x6  
  105  8:06  Drone x3  
  105  8:07  Extractor  
  105  8:09  Extractor  
  105  8:12  Drone x4  
  110  8:18  Queen  
  110  8:19  Drone x5  
  113  8:20  Drone  
  113  8:26  Infestation Pit  
  111  8:28  Drone  
  111  8:29  Evolution Chamber  
  111  8:30  Drone  
  111  8:32  Extractor  
  111  8:37  Drone  
  111  8:39  Drone x5  
  117  8:42  Drone x2  
  117  8:45  Drone  
  117  8:46  Hatchery  
  117  8:47  Drone x3  
  122  8:48  Extractor  
  122  8:51  Drone  
  122  8:57  Overlord  
  122  8:58  Baneling Nest  
  121  9:12  Overlord x3  
  110  9:26  Roach x7  
  121  9:32  Roach x3  
  127  9:38  Roach  
  127  9:39  Roach x6  
  127  9:45  Zergling x10  
  122  9:55  Zergling x6  
  122  9:59  Zergling x2  
  104  10:06  Roach x4  
  104  10:07  Roach x2  
  107  10:12  Ravager x2  
  107  10:13  Ravager  
  103  10:16  Roach x4  
  103  10:21  Ravager  
  106  10:22  Ravager  
Tags
 
Add a new tag
Caveats
  • Supply blocks, unpowered buildings, or Contaminate may cause inaccurate times.
  • Supply counts are checked every 10 seconds.